Unix NetHack Version 5.0.0-0 post-release - last build May 31 2026 23:59:36 (970b52f25bf058293b47ddfd14a1e40e571c508c,branch:main).

Game began 2026-06-01 16:56:01, ended 2026-06-01 17:48:04.

Enkindle23, lawful male human Knight

                              ------------------------ ----
                              `.......**....*..%......|-..----------
                              ------#----------------.|....--.--...---
                                   ...              |................|
                                 ....`-           -`|................|
                                .....         |   |.|*.............------
                               ......     |   |.  |.#@u..).........| |..|
                               |....)     |.........o)....<........|--..|
                               -......    |   |.. |.|..............|....|
                               .....`.        --  -.|......---..--......|
                              ...... `            . |......|..........---
                              --...-             -- |.....-..-----.....|
                               ....                 |...|...--  |.....--
                               ..%.                 |...|.---   |.....|
                               .._.                 |.--...|    ---...--
                               ...                  |......|      |....|
                              ----     -----        |.------      |-...|
                                        ...         |.|          --...--
                                     ----#-----------.|          |....|
                                     `................|          --..--
                                     -----------------            ----
Enkindle23 the Esquire   St:13 Dx:9 Co:12 In:7 Wi:17 Ch:18  Lawful
Dlvl:5  $:64 HP:0(33) Pw:30(30) AC:1  Xp:4 T:1191 

Latest messages:
 You miss the paper golem.
 The paper golem hits!
 The saddled horse hits the paper golem.
 The saddled horse misses the paper golem.
 The paper golem hits the saddled horse.
 You hit the paper golem!
 The paper golem hits!
 The saddled horse hits the paper golem.
 The saddled horse misses the paper golem.
 The paper golem hits the saddled horse.
 You destroy the paper golem!
 The orc-captain picks up a dark potion.
 You hit the orc-captain!
 The saddled horse hits the orc-captain.
 The saddled horse misses the orc-captain.
 You miss the orc-captain.
 The saddled horse misses the orc-captain.
 The saddled horse misses the orc-captain.
 The saddled horse misses the orc-captain.
 The saddled horse misses the orc-captain.
 You hit the orc-captain!
 The saddled horse hits the orc-captain.
 The saddled horse misses the orc-captain.
 The orc-captain misses the saddled horse.
 The orc-captain hits the saddled horse.
 The orc-captain drinks a dark potion!
 The orc-captain looks better.
 The saddled horse misses the orc-captain.
 The saddled horse misses the orc-captain.
 You hit the orc-captain!
 The saddled horse hits the orc-captain.
 The saddled horse misses the orc-captain.
 The orc-captain hits the saddled horse.
 The orc-captain misses the saddled horse.
 You miss the orc-captain.
 The saddled horse hits the orc-captain.
 The saddled horse misses the orc-captain.
 The orc-captain hits the saddled horse.
 The orc-captain hits the saddled horse.
 The orc-captain hits!
 The orc-captain just misses!
 You hit the orc-captain.
 The orc-captain hits!
 The orc-captain hits again!
 You die...
 Do you want your possessions identified? [ynq] (y) y
 Do you want to see your attributes? [ynq] (y) y
 Do you want an account of creatures vanquished? [ynaq] (y) y
 Do you want to see your conduct and achievements? [ynq] (y) y
 Do you want to see the dungeon overview? [ynq] (y) y

Inventory:
 Coins    ('$')
  $ - 64 gold pieces
 Weapons  (')')
  a - a +1 long sword (weapon in right hand)
 Armor    ('[')
  d - an uncursed +0 helmet (being worn)
  f - an uncursed +0 pair of leather gloves (being worn)
  K - an uncursed +0 pair of iron shoes (being worn)
  e - an uncursed +0 small shield (being worn)
  I - an uncursed +0 dwarvish cloak (being worn)
  c - an uncursed +1 ring mail (being worn)
 Comestibles  ('%')
  g - 11 uncursed apples
  h - 13 uncursed carrots
  u - an uncursed cram ration
 Scrolls  ('?')
  G - an uncursed scroll of enchant armor
 Potions  ('!')
  A - an uncursed potion of enlightenment
  H - a blessed potion of full healing
  C - an uncursed potion of gain energy
 Wands    ('/')
  n - a wand of digging (0:5)

Enkindle23 the Knight's attributes:

Background:
 You were an Esquire, a level 4 male human Knight.
 You were lawful, on a mission for Lugh
 who was opposed by Brigit (neutral) and Manannan Mac Lir (chaotic).
 You were right-handed.
 You were in the Gnomish Mines, on level 5.
 You entered the dungeon 1191 turns ago.
 There was a full moon in effect when your adventure ended.
 You had 159 experience points, 1 more was needed to attain level 5.

Basics:
 You had 0 out of 33 hit points.
 You had all 30 energy points (spell power).
 Your armor class was 1.
 Your wallet contained 64 zorkmids.
 Autopickup was off.

Final Characteristics:
 Your strength was 13 (limit:18/100).
 Your dexterity was 9 (limit:18).
 Your constitution was 12 (limit:18).
 Your intelligence was 7 (limit:18).
 Your wisdom was 17 (limit:18).
 Your charisma was 18 (limit:18).

Final Status:
 You weren't hungry.
 You were unencumbered.
 You were wielding a long sword.
 You had basic skill with long sword.

Final Attributes:
 You were devoutly aligned.
 Your items were somewhat protected from fire.
 Your items were somewhat protected from cold.
 You could jump.
 You were warded.
 You were lucky.
 You are dead.

Miscellaneous:
 You didn't encounter any bones levels.
 Total elapsed playing time was 52 minutes and 3 seconds.

Major events:
 Turn
    1: Enkindle23 the lawful male human Knight entered the dungeon
  489: entered the Gnomish Mines
  619: attained the rank of Esquire (level 3)
 1002: reached Mine Town
 1191: killed by an orc-captain

You didn't know any spells.

Skills:
 Fighting Skills
   bare handed combat [Unskilled]
   two weapon combat  [Unskilled]
   riding             [Basic]
 Weapon Skills
   dagger             [Unskilled]
   knife              [Unskilled]
   axe                [Unskilled]
   pick-axe           [Unskilled]
   short sword        [Unskilled]
   broadsword         [Unskilled]
   long sword         [Basic]
   two-handed sword   [Unskilled]
   saber              [Unskilled]
   club               [Unskilled]
   mace               [Unskilled]
   morning star       [Unskilled]
   flail              [Unskilled]
   hammer             [Unskilled]
   polearms           [Unskilled]
   spear              [Unskilled]
   trident            [Unskilled]
   lance              [Basic]
   bow                [Unskilled]
   crossbow           [Unskilled]
 Spellcasting Skills
   attack spells      [Unskilled]
   healing spells     [Unskilled]
   clerical spells    [Unskilled]

Voluntary challenges:
 Character rerolling was not enabled.
 You never genocided any monsters.
 You never polymorphed an object.
 You never changed form.
 You used no wishes.
Achievements:
 You entered the Gnomish Mines.
 You attained the rank of Esquire.
 You entered Minetown.

 The Dungeons of Doom: levels 1 to 3
    Level 1:
    Level 2:
       Stairs down to The Gnomish Mines.
    Level 3:
 The Gnomish Mines: levels 3 to 5
    Level 3:
    Level 4:
    Level 5: <- You were here.
       An altar, a fountain.
       Final resting place for
          you, killed by an orc-captain.


Vanquished creatures:
 an Uruk-hai
  3 gnome leaders
  a gnomish wizard
  a paper golem
  4 dwarves
  2 hill orcs
 an iguana
  a hobbit
  a large kobold
  2 giant rats
 14 gnomes
  a gecko
  4 jackals
  a fox
  2 newts
39 creatures vanquished.

No species were genocided or became extinct.

Game over:
                       ----------
                      /          \
                     /    REST    \
                    /      IN      \
                   /     PEACE      \
                  /                  \
                  |    Enkindle23    |
                  |      64 Au       |
                  |   killed by an   |
                  |   orc-captain    |
                  |                  |
                  |                  |
                  |       2026       |
                 *|     *  *  *      | *
        _________)/\\_//(\/(/\)/\//\/|_)_______

Fare thee well Enkindle23 the Knight...

You died in The Gnomish Mines on dungeon level 5 with 904 points,
and 64 pieces of gold, after 1191 moves.
You were level 4 with a maximum of 33 hit points when you died.

